 Dungeon Crawl Stone Soup version 0.18.1-48-g4cf74bf (webtiles) character file.

45583 Lennu the Arsonist (level 14, -1/86 HPs)
             Began as a Gargoyle Fire Elementalist on July 1, 2016.
             Was the Champion of Qazlal.
             Shot with an arrow by Nessos (13 damage)
             ... on level 6 of the Lair of Beasts.
             The game lasted 02:46:55 (24420 turns).

Lennu the Arsonist (Gargoyle Fire Elementalist)    Turns: 24420, Time: 02:46:55

Health: -1/86      AC: 21    Str: 17    XL:     14   Next: 33%
Magic:  4/35       EV: 15    Int: 22    God:    Qazlal [******]
Gold:   794        SH: 14    Dex:  9    Spells: 8 memorised, 4 levels left

rFire  + + +     SeeInvis .     x - +4 dagger of Contention {flame, rF+++ Str+5 Int+3 Dex-3}
rCold  + . .     Gourm    .     w - +2 robe {MR+}
rNeg   + . .     Faith    .     (no shield)
rPois  ∞         Spirit   .     (no helmet)
rElec  +         Dismiss  .     B - +1 cloak
rCorr  .         Reflect  +     (no gloves)
SustAt +         Harm     .     (no boots)
MR     ++...                    M - amulet "Uklulinac" {Reflect rElec rF+ SH+4}
Stlth  +.........               C - ring of magical power
                                j - ring of sustain attributes

@: protected from physical damage, repel missiles, very resistant to hostile
enchantments, very unstealthy
A: big wings, large bone plates 1, thin skeletal structure 1, cold resistance 1,
dopey 1, negative energy resistance 1, electricity resistance, unbreathing,
petrification resistance, rot immunity, AC +9
a: Fly, Upheaval, Elemental Force, Disaster Area, Renounce Religion


You were on level 6 of the Lair of Beasts.
You worshipped Qazlal.
Qazlal was exalted by your worship.
You were full.

You visited 3 branches of the dungeon, and saw 17 of its levels.
You also visited: Ice Cave.

You collected 1014 gold pieces.
You spent 220 gold pieces at shops.

Inventory:

Hand Weapons
 x - the +4 dagger of Contention (weapon) {flame, rF+++ Str+5 Int+3 Dex-3}
   (You found it on level 4 of the Dungeon)

   It has been specially enchanted to burn those struck by it, causing extra
   injury to most foes and up to half again as much damage against particularly
   susceptible opponents.
   It affects your strength (+5).
   It affects your intelligence (+3).
   It affects your dexterity (-3).
   It renders you almost immune to fire.
 L - the +10 rapier of Dithmenos's Esteem {antimagic, rF+ rN+}
   (You found it on level 5 of the Lair of Beasts)

   It disrupts the flow of magical energy around spellcasters and certain
   magical creatures (including the wielder).
   It protects you from fire.
   It protects you from negative energy.
 W - a +2 arbalest of freezing
Armour
 w - a +2 robe of magic resistance (worn)
 z - a +2 robe of cold resistance
 B - a +1 cloak (worn)
Jewellery
 e - an uncursed ring of protection from fire
 j - a ring of sustain attributes (left hand)
 m - an uncursed amulet of magic regeneration
 v - a +3 amulet of reflection
 C - a ring of magical power (right hand)
 D - a +2 ring of slaying
 G - an uncursed ring of see invisible
 I - a +4 amulet of reflection
 M - the amulet "Uklulinac" (around neck) {Reflect rElec rF+ SH+4}
   (You found it on level 1 of the Lair of Beasts)

   [amulet of reflection]

   It shields you and reflects attacks.
   It protects you from fire.
   It insulates you from electricity.
   It affects your SH (+4).
 P - an uncursed ring of protection from cold
 U - an uncursed ring of ice
Wands
 h - a wand of iceblast (11/15)
 y - a wand of disintegration (15/24)
 A - a wand of teleportation (2/9)
 E - a wand of lightning (6/15)
 F - a wand of iceblast (5/15)
 H - a wand of teleportation (4/9)
 N - a wand of iceblast (9/15)
 X - a wand of lightning (7/15)
 Y - a wand of teleportation (2/9)
Scrolls
 d - a scroll of identify
 k - 2 scrolls of remove curse
 p - 3 scrolls of teleportation
 O - a scroll of recharging
 Z - a scroll of holy word {unknown}
Potions
 f - 5 potions of might
 t - a potion of flight
 J - 4 potions of curing
Books
 a - a book of Burglary

   Spells                             Type                      Level
   a - Swiftness                      Charms/Air                   2
   b - Passwall                       Transmutation/Earth          2
   c - Passage of Golubria            Translocation                4
   d - Lee's Rapid Deconstruction     Earth                        5
   e - Darkness                       Hexes                        6
   f - Invisibility                   Hexes                        6
 b - a book of Flames

   Spells                             Type                      Level
   a - Flame Tongue                   Conjuration/Fire             1
   b - Throw Flame                    Conjuration/Fire             2
   c - Conjure Flame                  Conjuration/Fire             3
   d - Inner Flame                    Hexes/Fire                   3
   e - Sticky Flame                   Conjuration/Fire             4
   f - Fireball                       Conjuration/Fire             5
 l - a book of Party Tricks

   Spells                             Type                      Level
   a - Summon Butterflies             Summoning                    1
   b - Apportation                    Translocation                1
   c - Tukima's Dance                 Hexes                        3
   d - Alistair's Intoxication        Transmutation/Poison         5
   e - Invisibility                   Hexes                        6
 n - a book of Misfortune

   Spells                             Type                      Level
   a - Confusing Touch                Hexes                        2
   b - Confuse                        Hexes                        3
   c - Gell's Gravitas                Hexes/Translocation          3
   d - Petrify                        Transmutation/Earth          4
   e - Metabolic Englaciation         Hexes/Ice                    5
   f - Yara's Violent Unravelling     Hexes/Transmutation          5
 r - a book of Minor Magic

   Spells                             Type                      Level
   a - Magic Dart                     Conjuration                  1
   b - Blink                          Translocation                2
   c - Call Imp                       Summoning                    2
   d - Repel Missiles                 Charms/Air                   2
   e - Slow                           Hexes                        2
   f - Conjure Flame                  Conjuration/Fire             3
   g - Mephitic Cloud                 Conjuration/Poison/Air       3
 s - a book of Callings

   Spells                             Type                      Level
   a - Summon Small Mammal            Summoning                    1
   b - Call Imp                       Summoning                    2
   c - Call Canine Familiar           Summoning                    3
   d - Summon Guardian Golem          Hexes/Summoning              3
   e - Summon Lightning Spire         Summoning/Air                4
   f - Summon Ice Beast               Ice/Summoning                4
 Q - a book of the Warp

   Spells                             Type                      Level
   a - Recall                         Summoning/Translocation      3
   b - Gell's Gravitas                Hexes/Translocation          3
   c - Force Lance                    Conjuration/Translocation    4
   d - Warp Weapon                    Charms/Translocation         5
   e - Summon Forest                  Summoning/Translocation      5
 R - Fumun's Guide on Cold and Evil Rites
   (You found it in an ice cave)

   Spells                             Type                      Level
   a - Animate Skeleton               Necromancy                   1
   b - Pain                           Necromancy                   1
   c - Bolt of Draining               Conjuration/Necromancy       5
   d - Dispel Undead                  Necromancy                   5
   e - Bolt of Cold                   Conjuration/Ice              6
Miscellaneous
 g - a phantom mirror
 K - a box of beasts
Comestibles
 c - 4 bread rations
 i - 5 meat rations
 o - 3 slices of pizza
 q - a beef jerky
 S - a chunk of flesh
 T - 7 fruits


   Skills:
 * Level 9.0 Fighting
 + Level 1.7 Short Blades
 * Level 9.2 Armour
 * Level 8.9 Dodging
 - Level 2.3 Stealth
 + Level 8.5 Spellcasting
 + Level 7.6 Conjurations
 + Level 6.7 Hexes
 + Level 7.0 Translocations
 * Level 10.6 Fire Magic
 * Level 2.0 Poison Magic
 * Level 4.4 Invocations


You had 4 spell levels left.
You knew the following spells:

 Your Spells              Type           Power        Failure   Level  Hunger
a - Flame Tongue          Conj/Fire      #####        1%          1    None
b - Gell's Gravitas       Hex/Tloc       #####.....   1%          3    None
c - Conjure Flame         Conj/Fire      #####...     1%          3    None
d - Sticky Flame          Conj/Fire      #####...     1%          4    ###....
e - Fireball              Conj/Fire      #####.....   6%          5    #####..
f - Confuse               Hex            #####...     1%          3    None
g - Force Lance           Conj/Tloc      #####...     3%          4    ###....
h - Mephitic Cloud        Conj/Pois/Air  ###.....     8%          3    None


Dungeon Overview and Level Annotations

Branches:
Dungeon (10/15)            Temple (1/1) D:6            Lair (6/8) D:10
  Swamp (0/4) Lair:4
  Snake: Lair:3-6    Spider: Lair:3-6     Slime: Lair:6-8       Orc: D:9-12

Altars:
Ashenzari
Cheibriados
Dithmenos
Elyvilon
Fedhas
Gozag
Kikubaaqudgha
Makhleb
Nemelex Xobeh
Okawaru
Pakellas
Qazlal
Ru
Sif Muna
Trog
Vehumet
Xom
Yredelemnul
Zin
The Shining One

Shops:
D:6 =

Annotations:
Lair:6 Nessos


Innate Abilities, Weirdness & Mutations

You are resistant to torment.
Your stone body is resilient (AC +9).
You are immune to poison.
Your large and strong wings let you fly indefinitely.
You resist negative energy.
You are resistant to electric shocks.
You can survive without breathing.
You are immune to petrification.
You are immune to rotting.
You are partially covered in large bone plates (AC +2, SH +2).
You have a somewhat thin skeletal structure (Dex +2, Stealth).
Your flesh is cold resistant.
You are dopey. (Int -2)


Message History

Press: ? - help, v - describe, . - travel
Here: Nessos, wearing a centaur barding (sparse dust)
The floor.
Nessos wields a longbow of flaming.
It bursts into flame!
Nessos shoots an arrow.
The arrow hits you!
Items here: % ( ) [ † an arrow; a broad axe of chopping; a glowing plate armour the human corpse of Maud; 3 chunks of flesh You hear an angry hiss.
Nessos blinks!
Nessos shoots an arrow.
The arrow hits you!!
* * * LOW HITPOINT WARNING * * *
Nessos blinks!
You see here an arrow.
Nessos mumbles some strange words.
Nessos seems to speed up.
You hear an angry hiss.
Nessos is engulfed in freezing vapours.
Nessos blinks!
Nessos shoots an arrow.
The arrow hits you!
You die...

#.... .## #...##### ....
##..#..#.##...P
######...............
.........!...........
....................
#P...............##
####P.§§§§........# ##
##§§.@.........# ### #.# ##
###P..§§.........####.##
...###P###.§....§.........#...)#.
....§....).(.....................
............t....................
#P...##..##....#.c#.............
.#P§.#.#.##.##..###.............P
...P§§#.#### #..P#.##...........#
##.P..### #....#.............#


You could see Nessos and a crocodile.

Vanquished Creatures
  Maud (Lair:6)
  A white draconian (IceCv)
  Josephine (Lair:6)
  6 hydras
  Erolcha (D:10)
  The ghost of Kloppie the Basher, a novice MiGl of Gozag (Lair:1)
  5 death yaks
  A hill giant (D:10)
  Pikel (D:5)
  2 oklob plants
  2 cyclopes
  5 elephants
  7 spiny frogs
  A torpor snail (Lair:4)
  A rime drake (Lair:1)
  4 komodo dragons
  A merfolk (D:10)
  18 polar bears
  19 blink frogs
  A two-headed ogre (D:8)
  34 yaks
  4 wraiths (Lair:6)
  3 wyverns
  5 basilisks
  4 vampire mosquitoes (Lair:5)
  9 hippogriffs
  A hungry ghost (D:10)
  An insubstantial wisp (Lair:5)
  The ghost of Lennu the Firebug, an amateur GrFE (D:3)
  10 water moccasins
  7 porcupines
  3 sky beasts
  3 black bears
  2 orc warriors (D:9)
  3 ice beasts
  An eye of draining (D:10)
  5 ogres
  20 wolves
  12 crocodiles
  3 big kobolds
  23 giant frogs
  A gnoll sergeant (D:4)
  6 scorpions
  6 wights
  An electric eel (Lair:4)
  7 crimson imps
  2 centaur zombies
  3 giant frog zombies
  10 jellies
  2 hounds
  A quasit (D:10)
  3 orc priests
  Ijyb (D:3)
  6 hell rats (Lair:2)
  14 iguanas
  11 orc wizards
  6 worker ants
  4 sheep (Lair:1)
  2 hound skeletons
  2 worker ant zombies
  A howler monkey skeleton (D:6)
  11 gnolls
  12 adders
  31 river rats
  A shadow imp (D:8)
  11 oozes
  An adder skeleton (D:4)
  An adder zombie (D:6)
  A dart slug (D:3)
  3 worms (D:2)
  2 giant geckos
  34 orcs
  9 bats
  7 giant cockroaches
  7 goblins
  6 hobgoblins
  5 jackals
  2 quokkas
  6 giant newts
  18 kobolds
  17 rats
  3 bushes (Lair:1)
  42 fungi
  7 plants
559 creatures vanquished.

Vanquished Creatures (others)
  A polar bear (IceCv)
  2 blink frogs (Lair:5)
  A slave (D:5)
  3 wolves (IceCv)
  A scorpion (D:5)
  16 fungi
  A plant (Lair:2)
25 creatures vanquished.

Grand Total: 584 creatures vanquished

Notes
Turn   | Place    | Note
--------------------------------------------------------------
     0 | D:1      | Lennu the Gargoyle Fire Elementalist began the quest for the Orb.
     0 | D:1      | Reached XP level 1. HP: 10/10 MP: 3/3
   642 | D:1      | Reached XP level 2. HP: 15/15 MP: 3/5
  1611 | D:2      | Reached XP level 3. HP: 13/19 MP: 1/6
  2120 | D:2      | Reached skill level 1 in Armour
  2120 | D:2      | Reached XP level 4. HP: 17/24 MP: 4/7
  2125 | D:2      | Reached skill level 4 in Fire Magic
  2398 | D:2      | Found an ancient bone altar of Kikubaaqudgha.
  2919 | D:3      | Reached skill level 1 in Fighting
  2919 | D:3      | Reached XP level 5. HP: 26/29 MP: 2/8
  2957 | D:3      | Found a glowing silver altar of Zin.
  2986 | D:3      | Noticed Ijyb
  2996 | D:3      | Killed Ijyb
  3044 | D:3      | Found a white marble altar of Elyvilon.
  3057 | D:3      | Noticed Lennu's ghost (amateur GrFE)
  3078 | D:3      | Killed Lennu's ghost
  3078 | D:3      | Reached XP level 6. HP: 31/35 MP: 1/10
  3457 | D:3      | Noticed a black bear
  3471 | D:3      | Killed a black bear
  3471 | D:3      | Reached XP level 7. HP: 21/40 MP: 2/11
  3623 | D:3      | Found a snail-covered altar of Cheibriados.
  3644 | D:3      | Reached skill level 5 in Fire Magic
  4257 | D:4      | Found a sparkling altar of Nemelex Xobeh.
  4304 | D:4      | Got a shimmering dagger
  4305 | D:4      | Identified the +4 dagger of Contention {flame, rF+++ Str+5 Int+3 Dex-3} (You found it on level 4 of the Dungeon)
  4740 | D:4      | Gained mutation: You are occasionally teleported next to monsters. [potion of mutation]
  4740 | D:4      | Gained mutation: You passively map a small area around you. [potion of mutation]
  4740 | D:4      | Gained mutation: You are dopey. (Int -2) [potion of mutation]
  4962 | D:4      | Learned a level 3 spell: Gell's Gravitas
  5502 | D:5      | Entered Level 5 of the Dungeon
  5527 | D:5      | Reached XP level 8. HP: 45/45 MP: 10/13
  5837 | D:5      | Noticed Pikel
  5849 | D:5      | HP: 2/46 [disintegration (17)]
  5851 | D:5      | Killed Pikel
  5851 | D:5      | Reached skill level 1 in Hexes
  5851 | D:5      | Reached skill level 1 in Translocations
  5851 | D:5      | Reached skill level 6 in Fire Magic
  6810 | D:5      | Found a sacrificial altar of Ru.
  7402 | D:5      | Reached XP level 9. HP: 50/52 MP: 9/15
  7503 | D:6      | Found a staircase to the Ecumenical Temple.
  7514 | Temple   | Entered the Ecumenical Temple
  7539 | Temple   | Became a worshipper of Qazlal Stormbringer
  7747 | D:6      | Found Latigh's Jewellery Shoppe.
  7765 | D:6      | Bought an uncursed ring of magical power for 220 gold pieces
  7789 | D:6      | Found a blossoming altar of Fedhas.
  8414 | D:7      | Found an oddly glowing altar of Pakellas.
  8619 | D:7      | Reached * piety under Qazlal
  8915 | D:7      | Reached skill level 1 in Short Blades
  9414 | D:7      | Lost mutation: You passively map a small area around you. [mutagenic meat]
  9415 | D:7      | Gained mutation: Your flesh is cold resistant. [mutagenic meat]
  9416 | D:7      | Gained mutation: You have a somewhat thin skeletal structure (Dex +2, Stealth). [mutagenic meat]
  9417 | D:7      | Gained mutation: You have sharp fingernails. [mutagenic meat]
  9418 | D:7      | Gained mutation: Your magical capacity is low (-10% MP). [mutagenic meat]
  9678 | D:8      | Reached skill level 5 in Spellcasting
  9777 | D:8      | Reached ** piety under Qazlal
  9782 | D:8      | Noticed a cyclops
  9868 | D:8      | Reached skill level 7 in Fire Magic
 10027 | D:8      | Reached XP level 10. HP: 58/58 MP: 16/16
 10137 | D:8      | Found a shadowy altar of Dithmenos.
 10317 | D:8      | Reached skill level 5 in Armour
 10495 | D:8      | Learned a level 3 spell: Conjure Flame
 10500 | D:8      | Learned a level 4 spell: Sticky Flame
 10508 | D:8      | Learned a level 5 spell: Fireball
 10786 | D:8      | Killed a cyclops
 10786 | D:8      | Reached skill level 5 in Fighting
 11028 | D:8      | Gained mutation: You tend to lose your temper in combat. [potion of mutation]
 11028 | D:8      | Gained mutation: You expend magic power (3 MP) to strengthen your wands. [potion of mutation]
 11150 | D:9      | Reached skill level 5 in Conjurations
 11775 | D:10     | Entered Level 10 of the Dungeon
 11852 | D:10     | Gained mutation: You are partially covered in large bone plates (AC +2, SH +2). [mutagenic meat]
 11853 | D:10     | Gained mutation: Your flesh is very cold resistant. [mutagenic meat]
 11907 | D:10     | Noticed Erolcha
 11913 | D:10     | Killed Erolcha
 11913 | D:10     | Reached skill level 5 in Dodging
 11930 | D:10     | Reached *** piety under Qazlal
 11959 | D:10     | Noticed a hill giant
 11968 | D:10     | Killed a hill giant
 11968 | D:10     | Reached skill level 8 in Fire Magic
 11968 | D:10     | Reached XP level 11. HP: 51/64 MP: 1/18
 12161 | D:10     | Found a staircase to the Lair.
 12814 | D:10     | Noticed a cyclops
 13005 | D:10     | Killed a cyclops
 13102 | Lair:1   | Entered Level 1 of the Lair of Beasts
 13247 | Lair:1   | Reached **** piety under Qazlal
 13250 | Lair:1   | Reached skill level 5 in Hexes
 13359 | Lair:1   | Got a sparkling amethyst amulet
 13360 | Lair:1   | Identified the amulet "Uklulinac" {Reflect rElec rF+ SH+4} (You found it on level 1 of the Lair of Beasts)
 13605 | Lair:1   | Noticed Kloppie's ghost (novice MiGl)
 13631 | Lair:1   | Killed Kloppie's ghost
 14074 | Lair:1   | Noticed a seven-headed hydra
 14083 | Lair:1   | Killed a seven-headed hydra
 14083 | Lair:1   | Reached skill level 5 in Translocations
 14271 | Lair:1   | Reached skill level 9 in Fire Magic
 14274 | Lair:1   | Reached XP level 12. HP: 57/71 MP: 6/20
 15001 | Lair:1   | Noticed a six-headed hydra
 15012 | Lair:1   | Killed a six-headed hydra
 15021 | Lair:1   | Learned a level 3 spell: Confuse
 15190 | Lair:1   | Learned a level 4 spell: Force Lance
 15955 | Lair:2   | Reached ***** piety under Qazlal
 16260 | Lair:2   | Found a frozen archway.
 16267 | IceCv    | Entered an ice cave
 16338 | IceCv    | Noticed a death yak
 16347 | IceCv    | Lost mutation: You are occasionally teleported next to monsters. [potion of cure mutation]
 16347 | IceCv    | Lost mutation: You tend to lose your temper in combat. [potion of cure mutation]
 16347 | IceCv    | Lost mutation: Your flesh is very cold resistant. [potion of cure mutation]
 16347 | IceCv    | Lost mutation: You have sharp fingernails. [potion of cure mutation]
 16347 | IceCv    | Lost mutation: You expend magic power (3 MP) to strengthen your wands. [potion of cure mutation]
 16347 | IceCv    | Lost mutation: Your magical capacity is low (-10% MP). [potion of cure mutation]
 16552 | IceCv    | Reached skill level 1 in Invocations
 16606 | IceCv    | Noticed a death yak
 16617 | IceCv    | Killed a death yak
 16737 | IceCv    | Noticed a white draconian
 16748 | IceCv    | Killed a white draconian
 16951 | IceCv    | Identified Fumun's Guide on Cold and Evil Rites
 17101 | IceCv    | Killed a death yak
 17107 | IceCv    | Reached XP level 13. HP: 57/76 MP: 4/24
 19114 | Lair:3   | Reached skill level 10 in Fire Magic
 19769 | Lair:3   | Learned a level 3 spell: Mephitic Cloud
 20745 | Lair:4   | Reached ****** piety under Qazlal
 21683 | Lair:4   | Found a staircase to the Swamp.
 21850 | Lair:4   | Gained mutation: Your large and strong wings let you fly indefinitely. [Gargoyle growth]
 21850 | Lair:4   | Reached XP level 14. HP: 64/84 MP: 12/26
 22957 | Lair:5   | Reached skill level 1 in Poison Magic
 23394 | Lair:5   | Got a dazzling rapier
 23395 | Lair:5   | Identified the +10 rapier of Dithmenos's Esteem {antimagic, rF+ rN+} (You found it on level 5 of the Lair of Beasts)
 24177 | Lair:6   | Noticed Josephine
 24193 | Lair:6   | Killed Josephine
 24378 | Lair:6   | Noticed Maud
 24405 | Lair:6   | Killed Maud
 24408 | Lair:6   | Noticed Nessos
 24420 | Lair:6   | Shot with an arrow by Nessos

Skill      XL: |  1  2  3  4  5  6  7  8  9 10 11 12 13 14 |
---------------+-------------------------------------------+-----
Armour         | 1 2 3 4 6 7 8 9 |  9.2
Fire Magic     | 4 5 6 7 8 9 10 | 10.6
Fighting       | 1 2 4 5 6 7 8 9 |  9.0
Dodging        | 2 3 4 5 6 7 8 |  8.9
Conjurations   | 2 3 4 5 6 7 |  7.6
Spellcasting   | 3 4 5 6 7 8 |  8.5
Hexes          | 2 3 4 5 6 |  6.7
Translocations | 2 3 4 5 6 7 |  7.0
Short Blades   | 1 |  1.7
Invocations    | 2 4 |  4.4
Poison Magic   | 2 |  2.0
Stealth        | |  2.3

Action                   |  1- 3 |  4- 6 |  7- 9 | 10-12 | 13-15 || total
-------------------------+-------+-------+-------+-------+-------++-------
Melee: Short sword       |    20 |     3 |       |       |       ||    23
       Flail             |       |    13 |       |       |       ||    13
       Dagger            |       |       |   135 |   191 |   275 ||   601
 Cast: Flame Tongue      |    56 |    87 |   322 |   221 |   105 ||   791
       Gell's Gravitas   |       |       |     2 |    63 |    35 ||   100
       Conjure Flame     |       |       |       |    98 |    71 ||   169
       Sticky Flame      |       |       |       |    21 |    43 ||    64
       Fireball          |       |       |       |     6 |     7 ||    13
       Force Lance       |       |       |       |     8 |    20 ||    28
       Confuse           |       |       |       |     3 |     2 ||     5
       Mephitic Cloud    |       |       |       |       |     1 ||     1
Evoke: Wand              |       |       |       |     4 |     1 ||     5
  Use: Scroll            |     7 |     2 |     9 |    12 |     4 ||    34
       Potion            |       |     3 |     4 |     3 |     6 ||    16
  Eat: Chunk             |     5 |     4 |    19 |    13 |    10 ||    51
       Bread ration      |       |       |     1 |     2 |     5 ||     8
       Royal jelly       |       |       |     1 |       |       ||     1
       Fruit             |       |       |       |     1 |       ||     1
       Meat ration       |       |       |       |     3 |       ||     3
       Beef jerky        |       |       |       |       |     1 ||     1
Armor: Robe              |     8 |       |   100 |   147 |   133 ||   388
       Leather armour    |    11 |    31 |    15 |       |       ||    57
Dodge: Dodged            |    23 |    36 |   128 |   229 |   201 ||   617
Block: Other             |       |       |     6 |   162 |   272 ||   440
